AoeStats
← MeHigh2

Arabia

510945824Analyzed
1v1 RM · 19h ago on Oct 3, 2026· 40m 56s· 2 players
Game mode
Random Map
Map size
Tiny (2 player)
Population
200
Speed
Normal
Resources
Standard
Victory
Conquest
Starting age
Dark Age
Ending age
Imperial Age
RankedLock teamsTeams togetherTeam positionsShared explorationLock speedFull tech treeHidden civsTurbo modeCheats
Victory
Defeat
🇧🇬 Franks · Bulgaria
1058
+16
🇦🇺 Bulgarians · Australia
1056
-16
MeHigh2
7:08 Loom
9:46 Feudal Age
10:42 Double-Bit Axe
20:12 Castle Age
20:04 Scale Mail Armor
19:56 Arson
20:59 Forging
21:00 Gambesons
22:09 Pikeman
23:32 Chain Mail Armor
24:42 Squires
31:41 Horse Collar
32:42 Bow Saw
32:51 Heavy Plow
35:08 Fletching
36:28 Husbandry
37:51 Wheelbarrow
38:34 Gold Mining
38:34 Stone Mining
38:50 Padded Archer Armor
Deshev
7:47 Loom
9:41 Loom
11:43 Feudal Age
17:10 Castle Age
17:36 Double-Bit Axe
24:54 Wheelbarrow
25:01 Bow Saw
26:12 Scale Barding Armor
27:11 Forging
28:04 Hand Cart
28:29 Gold Mining
30:01 Chain Barding Armor
29:32 Fletching
29:56 Town Watch
30:59 Husbandry
32:55 Gold Shaft Mining
32:32 Bow Saw
34:23 Iron Casting
34:37 Bodkin Arrow
35:54 Padded Archer Armor
36:12 Stone Mining
38:02 Leather Archer Armor
38:25 Ordonnance Companies
Connection lost

Rejoining the realm…

Still unreachable

The connection could not be restored.

Session expired

The server has moved on; the page needs a fresh start.